 Dungeon Crawl Stone Soup version 0.29-a0-8-g0446c0dae4 (webtiles) character file.

Game seed: 10243679617075305957

9282 robertstho the Thaumaturge (level 11, 0/48 HPs)
             Began as a Spriggan Earth Elementalist on Jan 27, 2022.
             Was a Believer of Vehumet.
             Slain by a komodo dragon (17 damage)
             ... on level 10 of the Dungeon.
             The game lasted 00:26:20 (13359 turns).

robertstho the Thaumaturge (SpEE)                  Turns: 13359, Time: 00:26:20

Health: 0/48       AC:  5    Str:  4    XL:     11   Next: 21%
Magic:  7/30       EV: 19    Int: 21    God:    Vehumet [**....]
Gold:   451        SH:  5    Dex: 20    Spells: 28/39 levels left

rFire   + + .      SeeInvis +   f - +4 dagger (elec)
rCold   x x .      Faith    .   (no shield)
rNeg    . . .      Spirit   .   F - +2 robe {Archmagi}
rPois   .          Reflect  +   (helmet restricted)
rElec   .          Harm     .   k - +0 cloak
rCorr   +          Rampage  .   (gloves unavailable)
Will    +....      Archmagi +   (boots unavailable)
Stlth   +++++.....              b - amulet of reflection
HPRegen 0.16/turn               r - ring of Xezxoth {Fire rCorr Dex+4 Slay+2}
MPRegen 0.22/turn               s - ring of fire

@: very quick
A: very small, no large weapons, unfitting armour, see invisible, speed 3
a: Renounce Religion


You were on level 10 of the Dungeon.
You worshipped Vehumet.
Vehumet was pleased with you.
You visited 1 branch of the dungeon, and saw 10 of its levels.

You collected 451 gold pieces.

Inventory:

Hand Weapons
 f - a +4 dagger of electrocution (weapon)
Missiles
 c - 98 stones
 d - 2 throwing nets
Armour
 k - a +0 cloak (worn)
 B - +0 steam dragon scales
 F - a +2 robe of the Archmagi (worn)
 I - +0 acid dragon scales
 J - +0 swamp dragon scales
Jewellery
 b - an amulet of reflection (around neck)
 r - the ring of Xezxoth (left hand) {Fire rCorr Dex+4 Slay+2}
   (You found it on level 5 of the Dungeon)

   [ring of fire]

   It enhances your fire magic.
   Dex:       It affects your dexterity (+4).
   Slay:      It affects your accuracy & damage with ranged weapons and melee
   (+2).
   rF:        It protects you from fire.
   rC:        It makes you vulnerable to cold.
   rCorr:     It protects you from acid and corrosion.
 s - a ring of fire (right hand)
Wands
 m - a wand of paralysis (10)
 p - a wand of digging (3)
 v - a wand of flame (13)
 w - a wand of charming (2)
 C - a wand of iceblast (6)
Scrolls
 j - a scroll of blinking
 n - a scroll of vulnerability
 o - 3 scrolls of enchant armour
 u - a scroll of immolation
 x - a scroll of amnesia
 y - a scroll of magic mapping {unknown}
 z - a scroll of fog {unknown}
 D - a scroll of holy word
 E - a scroll of silence
 L - a scroll of identify
Potions
 a - 2 potions of flight {unknown}
 e - 2 potions of attraction {unknown}
 g - 4 potions of heal wounds
 h - 2 potions of might {unknown}
 i - 2 potions of mutation {unknown}
 l - 3 potions of magic {unknown}
 q - 2 potions of curing {unknown}
 t - 2 potions of degeneration {unknown}
 A - a potion of resistance {unknown}
 G - a potion of brilliance {unknown}
 H - a potion of ambrosia {unknown}
 K - a potion of berserk rage {unknown}


   Skills:
 + Level 0.9 Fighting
 + Level 2.1 Short Blades
 + Level 4.4 Dodging
 * Level 11.3 Stealth
 + Level 0.1 Shields
 * Level 14.7 Spellcasting
 + Level 3.2 Conjurations
 + Level 2.0 Transmutations
 + Level 1.8 Fire Magic
 + Level 7.8 Earth Magic


You had 28 spell levels left.
You knew the following spells:

 Your Spells              Type           Power      Damage    Failure   Level
a - Sandblast             Erth           100%       2d20      1%          1
b - Passwall              Tmut/Erth      44%        N/A       1%          2
c - Stone Arrow           Conj/Erth      100%       3d13      1%          3
d - Petrify               Tmut/Erth      53%        N/A       5%          4
e - Foxfire               Conj/Fire      100%       2x1d9     1%          1

Your spell library contained the following spells:

 Spells                   Type           Power      Damage    Failure   Level
 Shock                    Conj/Air       100%       1d9       1%          1
 Static Discharge         Conj/Air       33%        N/A       3%          2
 Freeze                   Ice            92%        1d10      4%          1
 Slow                     Hex            92%        N/A       4%          1
 Corpse Rot               Necr/Air       46%        N/A       6%          2
 Poisonous Vapours        Pois/Air       46%        N/A       6%          2
 Confusing Touch          Hex            23%        N/A       12%         3
 Frozen Ramparts          Ice            46%        1d6       12%         3
 Vampiric Draining        Necr           23%        2d7       12%         3
 Hailstorm                Conj/Ice       33%        3d8       21%         4
 Iskenderun's Battlesphe  Conj           43%        2d9       28%         5
 Fireball                 Conj/Fire      36%        3d15      36%         5
 Lightning Bolt           Conj/Air       16%        1d30      50%         5
 Conjure Ball Lightning   Conj/Air       16%        3x3d6     97%         6
 Orb of Destruction       Conj           21%        9d8       100%        7
 Maxwell's Capacitive Co  Air            11%        ∞         100%        8


Dungeon Overview and Level Annotations

Branches:
Dungeon (10/15)            Temple (0/1) D:6
   Lair: D:8-11         Orc: D:9-12

Altars:
Ashenzari
Dithmenos
Fedhas
Okawaru
Qazlal
Vehumet
Xom

Shops:
D:1 (   D:7 (

Annotations:
D:3 2 transporters


Innate Abilities, Weirdness & Mutations

You are very small and have problems with some larger weapons.
You are too small for most types of armour.
You have supernaturally acute eyesight. (SInv)
You cover ground extremely quickly. (Speed+++)


Message History

You feel a surge of power!
The stone arrow misses the komodo dragon.
The komodo dragon barely misses you.
Unknown command.
Casting: Stone Arrow (safe; 1% risk of failure)
Confirm with . or Enter, or press ? or * to list all spells.
Aiming: Stone Arrow (safe; 1% risk of failure)
Press: ? - help, Shift-Dir - straight line, f/p - komodo dragon
Aim: a komodo dragon (84% to hit)
You feel a surge of power!
The stone arrow hits the komodo dragon!!
The komodo dragon is heavily wounded.
You block the komodo dragon's attack.
Casting: Stone Arrow (safe; 1% risk of failure)
Confirm with . or Enter, or press ? or * to list all spells.
Aiming: Stone Arrow (safe; 1% risk of failure)
Press: ? - help, Shift-Dir - straight line, f/p - komodo dragon
Aim: a komodo dragon (heavily wounded, 84% to hit)
You feel a surge of power!
The stone arrow hits the komodo dragon!
The komodo dragon is severely wounded.
The komodo dragon bites you!!
Unknown command.
Casting: Stone Arrow (safe; 1% risk of failure)
Confirm with . or Enter, or press ? or * to list all spells.
Aiming: Stone Arrow (safe; 1% risk of failure)
Press: ? - help, Shift-Dir - straight line, f/p - komodo dragon
Aim: a komodo dragon (severely wounded, 84% to hit)
You feel a surge of power!
The stone arrow misses the komodo dragon.
The komodo dragon bites you!
Unknown command.
Casting: Stone Arrow (safe; 1% risk of failure)
Confirm with . or Enter, or press ? or * to list all spells.
Aiming: Stone Arrow (safe; 1% risk of failure)
Press: ? - help, Shift-Dir - straight line, f/p - komodo dragon
Aim: a komodo dragon (severely wounded, 84% to hit)
You feel a surge of power!
The stone arrow misses the komodo dragon.
The komodo dragon bites you!
You die...

## ####.# ### ##......#. #
..##.#...... #### #.#......#..
...### ### #####l....[....
###..###.####...@l.....#..
##....###........#.###
##..........##.#..#
############..#### ###### #####
############### ## .....#
#...##### #..##...#.# #. .....#
#.#.'...# #.........# #. .....#
#...#...# #........)###.
.....###...##..#####......#......


You could see a komodo dragon and a basilisk.

Vanquished Creatures
  Erolcha (D:9)
  Harold (D:8)
  Pikel (D:4)
  Maggie (D:10)
  Psyche (D:9)
  2 hornets
  A vampire (D:10)
  3 wyverns
  Eustachio (D:4)
  4 yaks (D:10)
  3 steam dragons
  Grum (D:9)
  Menkaure (D:7)
  An acid dragon (D:10)
  A black bear (D:5)
  4 water moccasins
  3 orc warriors
  3 sky beasts
  3 hornet zombies
  4 necrophages
  4 wolves
  3 centaurs
  2 ogres
  2 lemures (D:4)
  2 phantoms
  2 kobold brigands
  4 bullfrogs
  A wyvern zombie (D:8)
  2 scorpions
  A water moccasin skeleton (D:7)
  6 killer bees (D:10)
  9 wights
  2 hounds
  3 jellies
  2 centaur skeletons (D:6)
  2 centaur zombies
  A gnoll shaman (D:10)
  6 orc priests
  6 orc wizards
  An iguana (D:7)
  A killer bee zombie (D:9)
  A howler monkey zombie (D:9)
  11 gnolls
  3 adders
  A white imp (D:7)
  3 ufetubi
  3 worms
  2 dart slugs
  12 orcs
  12 bats
  10 endoplasms
  3 giant cockroaches
  16 goblins
  9 hobgoblins
  5 quokkas
  7 ball pythons
  6 frilled lizards
  19 kobolds
  8 rats
233 creatures vanquished.

Vanquished Creatures (others)
  A bush (D:8)
  179 foxfires
  38 plants
218 creatures vanquished.

Grand Total: 451 creatures vanquished

Notes
Turn   | Place    | Note
-------+----------+-------------------------------------------
     0 | D:1      | robertstho the Spriggan Earth Elementalist began the quest
                  | for the Orb.
     0 | D:1      | Reached XP level 1. HP: 9/9 MP: 5/5
    44 | D:1      | You fall into a shaft and drop 1 floor!
   187 | D:1      | Reached skill level 3 in Spellcasting
   187 | D:1      | Reached XP level 2. HP: 13/13 MP: 4/7
   642 | D:1      | Found Oghusherph's Weapon Shoppe.
   650 | D:1      | Reached XP level 3. HP: 15/16 MP: 8/8
   754 | D:2      | Found a faded altar of an unknown god.
  1270 | D:2      | Reached XP level 4. HP: 13/21 MP: 7/10
  1508 | D:2      | Reached skill level 4 in Spellcasting
  2109 | D:2      | Learned a level 2 spell: Passwall
  2113 | D:2      | Learned a level 3 spell: Stone Arrow
  2118 | D:2      | Learned a level 4 spell: Petrify
  2274 | D:3      | Reached skill level 1 in Short Blades
  2414 | D:3      | Found a transporter.
  2468 | D:3      | Found a transporter.
  2495 | D:3      | Reached skill level 5 in Stealth
  2495 | D:3      | Reached XP level 5. HP: 24/24 MP: 9/12
  2852 | D:3      | Noticed an ogre
  2870 | D:3      | Killed an ogre
  2871 | D:3      | Reached skill level 5 in Spellcasting
  2871 | D:3      | Reached XP level 6. HP: 28/28 MP: 4/14
  3680 | D:4      | Noticed Eustachio
  3681 | D:4      | Noticed a hornet
  3713 | D:4      | Killed a hornet
  3714 | D:4      | Reached skill level 6 in Spellcasting
  3714 | D:4      | Reached XP level 7. HP: 6/32 MP: 13/18
  3879 | D:4      | Reached skill level 7 in Spellcasting
  3961 | D:4      | Killed Eustachio
  4176 | D:4      | Noticed Pikel
  4192 | D:4      | Killed Pikel
  4193 | D:4      | Reached skill level 8 in Spellcasting
  4193 | D:4      | Reached skill level 5 in Earth Magic
  4193 | D:4      | Reached XP level 8. HP: 12/36 MP: 10/21
  4505 | D:4      | Reached skill level 9 in Spellcasting
  4708 | D:5      | Entered Level 5 of the Dungeon
  5119 | D:5      | Found a shimmering altar of Xom.
  5213 | D:5      | Identified the ring of Xezxoth {Fire rCorr Dex+4 Slay+2}
  5483 | D:5      | Reached skill level 10 in Spellcasting
  5885 | D:6      | Found a radiant altar of Vehumet.
  6026 | D:6      | Reached skill level 1 in Conjurations
  6201 | D:6      | Became a worshipper of Vehumet
  6264 | D:6      | Reached XP level 9. HP: 35/39 MP: 24/24
  6446 | D:6      | Found a staircase to the Ecumenical Temple.
  6789 | D:6      | Found an iron altar of Okawaru.
  6985 | D:7      | Reached skill level 11 in Spellcasting
  7570 | D:7      | Noticed Menkaure
  7575 | D:7      | Killed Menkaure
  8559 | D:7      | Found Apsojav's Antique Weapon Shop.
  8743 | D:8      | Found a stormy altar of Qazlal.
  8765 | D:8      | Reached skill level 12 in Spellcasting
  8866 | D:8      | Noticed Harold
  9151 | D:8      | Reached * piety under Vehumet
  9151 | D:8      | Offered knowledge of Foxfire by Vehumet.
  9154 | D:8      | Learned a level 1 spell: Foxfire
  9174 | D:8      | Killed Harold
  9175 | D:8      | Reached XP level 10. HP: 31/44 MP: 6/27
  9786 | D:8      | Found a broken altar of Ashenzari.
  9786 | D:8      | Found a shadowy altar of Dithmenos.
  9856 | D:8      | Found a blossoming altar of Fedhas.
  9968 | D:8      | Reached skill level 10 in Stealth
 10175 | D:8      | Reached skill level 13 in Spellcasting
 10403 | D:9      | Noticed Grum
 10635 | D:9      | Noticed Erolcha
 10635 | D:9      | Noticed Psyche
 10639 | D:9      | Killed Erolcha
 10640 | D:9      | Reached skill level 1 in Fire Magic
 10641 | D:9      | Killed Psyche
 10829 | D:9      | Identified the +2 leather armour of the Lost Invaders
                  | {Dex+2}
 10940 | D:9      | Killed Grum
 10941 | D:9      | Reached skill level 14 in Spellcasting
 11560 | D:10     | Entered Level 10 of the Dungeon
 11584 | D:10     | Offered knowledge of Shock by Vehumet.
 12104 | D:10     | Reached ** piety under Vehumet
 12311 | D:10     | Reached XP level 11. HP: 48/48 MP: 26/30
 12368 | D:10     | Noticed Maggie
 12383 | D:10     | Killed Maggie
 13359 | D:10     | Slain by a komodo dragon

Illustrated notes

Levels and vault maps discovered:
D:1:      pf_arrival_petrified_forest, layout_basic, serial_shops, shop,
          nrook_campfire
D:2:      wad_river_or_something, layout_rooms,
          chequers_ecumenical_altar_simple, grunt_decor_resistance,
          skrybe_limestone_x, st_stairs_11
D:3:      gammafunk_steamed_eel, layout_rooms, minmay_misc_feat_room,
          minmay_quantized
D:4:      layout_loops_cross, uniq_eustachio, uniq_pikel
D:5:      layout_loops_corners, old_standard_altar
D:6:      layout_basic, lemuel_coloured_pillars_altar, vehumet_altar_wand_db,
          minmay_temple_entry_drinking_statues
D:7:      layout_basic, serial_shops, nicolae_shop_overgrown_old_shop,
          serial_bayou_pond_c, uniq_menkaure
D:8:      layout_cave_pools, mainiacjoe_overflow_six_doors_small,
          gammafunk_temple_overflow_pools, fedhas_altar_decomposition,
          uniq_harold
D:9:      layout_basic, uniq_grum, uniq_erolcha, uniq_psyche
D:10:     layout_stronghold, erik_lair_dragon, uniq_maggie

Skill      XL: |  1  2  3  4  5  6  7  8  9 10 |
---------------+-------------------------------+-----
Spellcasting   | 3 4 5 6 8 10 12 14 | 14.7
Earth Magic    | 3 4 5 7 |  7.8
Dodging        | 3 4 |  4.4
Stealth        | 4 5 6 7 8 9 11 | 11.3
Short Blades   | 1 2 |  2.1
Conjurations   | 1 2 3 |  3.2
Transmutations | 2 |  2.0
Fire Magic     | 1 |  1.8
Fighting       | |  0.9
Shields        | |  0.1

Action                   |  1- 3 |  4- 6 |  7- 9 | 10-12 || total
-------------------------+-------+-------+-------+-------++-------
Melee: Unarmed           |     3 |       |       |       ||     3
       Dagger            |    75 |    54 |    39 |    10 ||   178
       Punch             |       |       |     1 |       ||     1
 Cast: Sandblast         |    30 |    46 |    52 |     3 ||   131
       Stone Arrow       |       |     1 |    95 |   104 ||   200
       Petrify           |       |       |     7 |     5 ||    12
       Foxfire           |       |       |     3 |   102 ||   105
  Use: Scroll            |       |     4 |     8 |     1 ||    13
       Potion            |       |       |     1 |       ||     1
 Stab: Sleeping          |     9 |     6 |     3 |     1 ||    19
       Distracted        |       |       |     1 |       ||     1
Armor: Robe              |    11 |     2 |     8 |     4 ||    25
       Steam dragon scal |       |       |     6 |     2 ||     8
Dodge: Dodged            |    65 |    65 |    68 |    51 ||   249
Block: Other             |       |       |     2 |    15 ||    17
       Reflection        |       |       |       |     1 ||     1

Table legend: (Time is in decaauts)
 A = Elapsed time spent in this place.
 B = Non-inter-level travel time spent in this place.
 C = Inter-level travel time spent in this place.
 D = Time resting spent in this place.
 E = Time spent auto-exploring this place.
 F = Levels seen in this place.
 G = Mean time per level.
                   A        B        C        D        E       F      G
               +--------+--------+--------+--------+--------+-----+--------+
         Total |  10919 |  10638 |    281 |   2529 |   6686 |  10 | 1091.9 |
       Dungeon |  10919 |  10638 |    281 |   2529 |   6686 |  10 | 1091.9 |
               +--------+--------+--------+--------+--------+-----+--------+

Top non-repeatable levels by time:
     D:7: 1965 daAuts
     D:2: 1369 daAuts
    D:10: 1267 daAuts
     D:8: 1103 daAuts
     D:3: 1042 daAuts
     D:5: 996 daAuts
     D:4: 937 daAuts
     D:6: 850 daAuts
     D:9: 849 daAuts
     D:1: 537 daAuts
